 Dungeon Crawl Stone Soup version 0.22-b1-21-g5cfc168 (webtiles) character file.

9926 tev the Severer (level 11, -2/95 HPs)
             Began as a Minotaur Berserker on Aug 5, 2018.
             Was a High Priest of Trog.
             Asphyxiated
             ... on level 11 of the Dungeon.
             The game lasted 00:45:37 (9600 turns).

tev the Severer (Minotaur Berserker)                Turns: 9600, Time: 00:45:38

Health: -2/95      AC: 16    Str: 27    XL:     11   Next: 29%
Magic:  3/3        EV:  9    Int:  4    God:    Trog [*****.]
Gold:   690        SH:  0    Dex: 11    Spells: 10/10 levels left

rFire    . . .     SeeInvis .   y - +2 battleaxe (antimagic)
rCold    . . .     Gourm    .   (shield currently unavailable)
rNeg     + . .     Faith    .   l - +0 plate armour
rPois    .         Spirit   .   (helmet restricted)
rElec    .         Reflect  .   (no cloak)
rCorr    .         Harm     .   u - +2 pair of gloves {Str+3}
MR       +....                  (no boots)
Stlth    ..........             (no amulet)
HPRegen  0.25/turn              C - ring of protection from magic
MPRegen  0.08/turn              o - ring of positive energy

@: lethally poisoned (-2 -> -28), berserk cooldown, slowed, very slow
A: retaliatory headbutt, horns 2
a: Berserk, Trog's Hand, Brothers in Arms, Renounce Religion


You were on level 11 of the Dungeon.
You worshipped Trog.
Trog was extremely pleased with you.
You were very hungry.

You visited 1 branch of the dungeon, and saw 11 of its levels.

You collected 690 gold pieces.

Inventory:

Hand Weapons
 y - a +2 antimagic battleaxe (weapon)
Armour
 h - a +1 shield
 l - a +0 plate armour (worn)
 u - a +2 pair of gloves of strength (worn)
Jewellery
 a - an uncursed ring of ice
 g - a cursed amulet of magic regeneration {unknown}
 o - a ring of positive energy (right hand)
 t - an uncursed ring of flight
 C - a ring of protection from magic (left hand)
Wands
 b - a wand of random effects (28)
 j - a wand of acid (9)
Scrolls
 d - 4 scrolls of identify
 e - 3 scrolls of enchant weapon
 i - 6 scrolls of remove curse
 k - 2 scrolls of magic mapping
 n - 2 scrolls of fear
 p - a scroll of enchant armour
 s - 6 scrolls of teleportation
Potions
 f - 4 potions of heal wounds
 m - a potion of magic
 q - a potion of ambrosia
 r - 2 potions of berserk rage {unknown}
 v - a potion of might {unknown}
 w - 4 potions of lignification
 x - a potion of cancellation {unknown}
 z - 4 potions of resistance
 A - 3 potions of agility {unknown}
 B - 2 potions of flight {unknown}
 D - a potion of mutation {unknown}
Comestibles
 c - 23 rations


   Skills:
 + Level 8.8 Fighting
 * Level 15.4 Axes
 + Level 7.9 Armour
 + Level 4.7 Dodging
 + Level 7.6 Shields


You had 10 spell levels left.
You didn't know any spells.
Your spell library was empty.

Dungeon Overview and Level Annotations

Branches:
Dungeon (11/15)            Temple (0/1) D:5            Lair (0/6) D:11
    Orc: D:9-12

Altars:
Elyvilon
Gozag
Kikubaaqudgha
Nemelex Xobeh
Qazlal
Sif Muna
Vehumet
Wu Jian

Shops:
D:10 }

Annotations:
D:11 Sonja


Innate Abilities, Weirdness & Mutations

You reflexively headbutt those who attack you in melee.
You have a pair of horns on your head.


Message History

* * * LOW HITPOINT WARNING * * *
You feel extremely sick.
Unknown command.
* * * LOW HITPOINT WARNING * * *
You feel extremely sick.
Sonja shoots a curare-tipped needle.
The curare-tipped needle barely misses you.
There is a stone staircase leading down here.
You see here a curare-tipped needle.
Unknown command.
You feel better.
Sonja shoots a curare-tipped needle.
The curare-tipped needle hits you.
You are lethally poisoned!
You have difficulty breathing.
* * * LOW HITPOINT WARNING * * *
You feel as though you will be slow longer.
Sonja shoots a curare-tipped needle.
The curare-tipped needle hits you.
You are more poisoned.
You have difficulty breathing.
You die...

#... #...
###############...
#.(..K............
#(###(###### #...
#.#>#K# #...
#(#...# #...
#.#.##############
#@................
###.##############
#........)......
####...####.######
#...........######
#.##..............
#.######..........
#..# ##.####......
#..###.##..(######


You could see Sonja.

Vanquished Creatures
  An ogre mage (D:11)
  2 two-headed ogres
  Pikel (D:8)
  A cyclops (D:11)
  A deep elf mage (D:10)
  A troll (D:10)
  A hornet (D:11)
  A hippogriff (D:11)
  A shadow (D:11)
  A spriggan (D:10)
  2 wyverns
  3 sky beasts
  An ice beast (D:9)
  3 black bears
  An eye of draining (D:11)
  An orc warrior (D:9)
  3 phantoms
  2 necrophages (D:10)
  10 ogres
  A centaur (D:7)
  2 crocodiles (D:11)
  2 big kobolds (D:9)
  5 bullfrogs
  2 gnoll sergeants
  2 wyvern skeletons (D:11)
  4 scorpions
  5 wights (D:8)
  The ghost of letownia2 the Insei, a weakling DsTm (D:4)
  3 howler monkeys
  A bullfrog zombie (D:8)
  7 crimson imps
  A quasit (D:8)
  2 centaur skeletons
  2 hounds
  3 jellies
  4 orc priests
  A gnoll shaman (D:5)
  4 iguanas
  2 bullfrog skeletons
  10 orc wizards
  8 worker ants
  A hound zombie (D:6)
  45 gnolls
  21 adders
  3 shadow imps
  2 oozes
  2 adder skeletons
  2 worms
  2 dart slugs
  5 leopard geckos
  28 orcs
  A ball python (D:2)
  7 bats
  3 giant cockroaches
  12 goblins
  8 hobgoblins
  22 jackals
  21 kobolds
  7 quokkas
  4 frilled lizards
  A leopard gecko skeleton (D:4)
  5 rats
  A plant (D:8)
312 creatures vanquished.

Vanquished Creatures (others)
  A kobold (D:8)
  A plant (D:5)
2 creatures vanquished.

Grand Total: 314 creatures vanquished

Notes
Turn   | Place    | Note
-------+----------+-------------------------------------------
     0 | D:1      | tev the Minotaur Berserker began the quest for the Orb.
     0 | D:1      | Reached XP level 1. HP: 19/19 MP: 0/0
   138 | D:1      | Reached skill level 4 in Axes
   138 | D:1      | Reached XP level 2. HP: 27/27 MP: 1/1
   833 | D:2      | Reached XP level 3. HP: 33/33 MP: 2/2
  1166 | D:2      | Reached ** piety under Trog
  1430 | D:2      | Reached XP level 4. HP: 32/40 MP: 3/3
  1653 | D:3      | Reached skill level 5 in Axes
  1775 | D:3      | Found an ornate altar of the Wu Jian Council.
  1827 | D:3      | Reached skill level 1 in Shields
  1850 | D:3      | Noticed an ogre
  1857 | D:3      | Killed an ogre
  1857 | D:3      | Reached XP level 5. HP: 35/47 MP: 4/4
  1982 | D:3      | Found a white marble altar of Elyvilon.
  1984 | D:3      | Found a radiant altar of Vehumet.
  2442 | D:3      | Found an ancient bone altar of Kikubaaqudgha.
  2527 | D:4      | Reached skill level 6 in Axes
  2634 | D:4      | Reached XP level 6. HP: 53/53 MP: 5/5
  2660 | D:4      | You fall through a shaft!
  2660 | D:5      | Entered Level 5 of the Dungeon
  2679 | D:5      | Reached XP level 7. HP: 30/60 MP: 6/6
  2776 | D:5      | Found a staircase to the Ecumenical Temple.
  2857 | D:5      | Reached skill level 5 in Fighting
  2857 | D:5      | Reached skill level 7 in Axes
  2992 | D:5      | Reached *** piety under Trog
  3379 | D:4      | Reached skill level 8 in Axes
  3379 | D:4      | Reached XP level 8. HP: 64/68 MP: 7/7
  3546 | D:4      | Noticed letownia2's ghost (weakling DsTm)
  3547 | D:4      | Found a runed door.
  3559 | D:4      | Killed letownia2's ghost
  4020 | D:5      | Reached skill level 5 in Armour
  4039 | D:5      | Reached **** piety under Trog
  4104 | D:5      | Reached skill level 9 in Axes
  4987 | D:6      | Reached skill level 10 in Axes
  4987 | D:6      | Reached skill level 5 in Shields
  5086 | D:6      | Reached XP level 9. HP: 71/78 MP: 8/8
  5478 | D:6      | Found a stormy altar of Qazlal.
  5636 | D:7      | Reached ***** piety under Trog
  5713 | D:7      | Reached skill level 11 in Axes
  6008 | D:7      | Found a deep blue altar of Sif Muna.
  6442 | D:8      | Noticed a two-headed ogre
  6450 | D:8      | Killed a two-headed ogre
  6566 | D:8      | Reached skill level 12 in Axes
  6731 | D:8      | Identified a scroll of acquirement
  6782 | D:8      | Reached XP level 10. HP: 86/86 MP: 9/9
  6785 | D:8      | Noticed Pikel
  6792 | D:8      | Killed Pikel
  7248 | D:8      | Found an opulent altar of Gozag.
  7249 | D:8      | Found a sparkling altar of Nemelex Xobeh.
  7392 | D:9      | Reached skill level 13 in Axes
  7874 | D:9      | Reached ****** piety under Trog
  7970 | D:10     | Entered Level 10 of the Dungeon
  8035 | D:10     | Found Decutan's Gadget Shop.
  8146 | D:10     | Noticed a deep elf mage
  8160 | D:10     | Killed a deep elf mage
  8197 | D:10     | Reached skill level 14 in Axes
  9007 | D:11     | Noticed a two-headed ogre
  9013 | D:11     | Killed a two-headed ogre
  9013 | D:11     | Received a gift from Trog
  9014 | D:11     | Noticed a cyclops
  9018 | D:11     | Killed a cyclops
  9018 | D:11     | Reached XP level 11. HP: 93/93 MP: 6/10
  9139 | D:11     | Reached skill level 15 in Axes
  9151 | D:11     | Received a gift from Trog
  9346 | D:11     | Noticed an ogre mage
  9354 | D:11     | Killed an ogre mage
  9578 | D:11     | Found a staircase to the Lair.
  9585 | D:11     | Noticed Sonja
  9600 | D:11     | HP: 1/95 [asphyx]
  9600 | D:11     | Asphyxiated

Skill      XL: |  1  2  3  4  5  6  7  8  9 10 11 |
---------------+----------------------------------+-----
Axes           | 4 5 6 8 10 12 14 15 | 15.4
Fighting       | 4 5 6 7 8 |  8.8
Shields        | 1 2 3 4 5 6 7 |  7.6
Armour         | 3 4 5 6 7 |  7.9
Dodging        | 3 4 |  4.7

Action                   |  1- 3 |  4- 6 |  7- 9 | 10-12 || total
-------------------------+-------+-------+-------+-------++-------
Melee: Hand axe          |    80 |   124 |   376 |       ||   580
       Headbutt          |    13 |    18 |    88 |    36 ||   155
       War axe           |       |       |    43 |       ||    43
       Broad axe         |       |       |     5 |   165 ||   170
       Battleaxe         |       |       |       |    28 ||    28
Invok: Berserk           |       |     1 |     4 |     3 ||     8
       Trog's Hand       |       |       |     1 |     2 ||     3
  Use: Potion            |       |     2 |     2 |     2 ||     6
       Scroll            |       |       |    13 |     6 ||    19
  Eat: Chunk             |     2 |     4 |    18 |     6 ||    30
       Ration            |       |       |     2 |     1 ||     3
Armor: Ring mail         |    28 |    45 |    14 |       ||    87
       Chain mail        |       |       |   148 |     6 ||   154
       Plate armour      |       |       |       |    88 ||    88
Dodge: Dodged            |    40 |    52 |   103 |    54 ||   249
Block: Shield            |    30 |    74 |   181 |   103 ||   388
